TOP OF THE 1ST |
Bismark Border Guards batting - Pitching for Red Deer Wranglers : RHP José Ramos
|
Pitching: RHP José Ramos
|
|
Batting: LHB Pedro Camacho
|
0-0: Ball 1-0: Fly out, F8 (Flyball, 8RM)
|
Batting: RHB Alfredo Farías
|
0-0: Fly out, F9 (Line Drive, 9)
|
Batting: RHB Vincent Braun
|
0-0: Ball 1-0: Foul Ball, location: 2F 1-1: Fly out, F8 (Flyball, 89M)
|
Top of the 1st over - 0 run(s), 0 hit(s), 0 error(s), 0 left on base; Bismark 0 - Red Deer 0 |
BOTTOM OF THE 1ST |
Red Deer Wranglers batting - Pitching for Bismark Border Guards : RHP Marcos Medina
|
Pitching: RHP Marcos Medina
|
|
Batting: RHB Xavier López
|
0-0: Ball 1-0: Called Strike 1-1: Ball 2-1: Ball 3-1: Fly out, F9 (Flyball, 9S)
|
Batting: LHB Jorge Olvera
|
0-0: Foul Ball, location: 2F 0-1: Ball 1-1: Ground out U3 (Groundball, 3L)
|
Batting: RHB Allen Brown
|
0-0: Ball 1-0: Called Strike 1-1: Ball 2-1: Swinging Strike 2-2: Ball 3-2: Fly out, F8 (Flyball, 8RM)
|
Bottom of the 1st over - 0 run(s), 0 hit(s), 0 error(s), 0 left on base; Bismark 0 - Red Deer 0 |
TOP OF THE 2ND |
Bismark Border Guards batting - Pitching for Red Deer Wranglers : RHP José Ramos
|
Batting: RHB Rob Schmidt
|
0-0: Ball 1-0: Fly out, F8 (Line Drive, 78XD)
|
Batting: LHB Cisco Villanueva
|
0-0: Ball 1-0: Foul Ball, location: 2F 1-1: Ball 2-1: Ball 3-1: Base on Balls
|
Batting: LHB Juan Viera
|
0-0: Ball 1-0: Ball Cisco Villanueva steals 2nd base 2-0: Called Strike 2-1: Foul Ball, location: 2F 2-2: Fly out, F9 (Flyball, 9)
|
Batting: RHB José Vidal
|
0-0: Ground out 5-3 (Groundball, 56)
|
Top of the 2nd over - 0 run(s), 0 hit(s), 0 error(s), 1 left on base; Bismark 0 - Red Deer 0 |
BOTTOM OF THE 2ND |
Red Deer Wranglers batting - Pitching for Bismark Border Guards : RHP Marcos Medina
|
Batting: LHB Andrew Veeck
|
0-0: Ball 1-0: SINGLE (Line Drive, 7LS)
|
Batting: RHB Luis Ibarra
|
0-0: Ball 1-0: Fly out, F5 (Popup, 56)
|
Batting: SHB Robbie Rhodes
|
0-0: Called Strike Andrew Veeck steals 2nd base 0-1: Ball 1-1: Swinging Strike 1-2: Strikes out swinging
|
Batting: RHB Ben Fisher
|
0-0: Ball 1-0: Foul Ball, location: 2F 1-1: Fly out, F3 (Popup, 3S)
|
Bottom of the 2nd over - 0 run(s), 1 hit(s), 0 error(s), 1 left on base; Bismark 0 - Red Deer 0 |
TOP OF THE 3RD |
Bismark Border Guards batting - Pitching for Red Deer Wranglers : RHP José Ramos
|
Batting: LHB Kelsey Scott
|
0-0: Ball 1-0: Ball 2-0: Called Strike 2-1: Called Strike 2-2: Ball 3-2: Foul Ball, location: 2F 3-2: Base on Balls
|
Batting: RHB Chad Battle
|
0-0: Ball 1-0: Ground out 5-3 (Groundball, 56S) Kelsey Scott to second
|
Batting: LHB Pedro Camacho
|
0-0: Ball 1-0: SINGLE (Groundball, 4MS) (infield hit) Kelsey Scott to third
|
Batting: RHB Alfredo Farías
|
0-0: Called Strike 0-1: Fielders Choice at 2nd, 4-6 (Groundball, 4) Kelsey Scott scores
|
Batting: RHB Vincent Braun
|
0-0: Called Strike 0-1: Ball 1-1: Ball 2-1: Called Strike Alfredo Farías steals 2nd base 2-2: Fly out, F8 (Flyball, 8RS)
|
Top of the 3rd over - 1 run(s), 1 hit(s), 0 error(s), 1 left on base; Bismark 1 - Red Deer 0 |
BOTTOM OF THE 3RD |
Red Deer Wranglers batting - Pitching for Bismark Border Guards : RHP Marcos Medina
|
Batting: LHB Héctor Santos
|
0-0: Fly out, F7 (Flyball, 7LS)
|
Batting: RHB Steve Burton
|
0-0: Called Strike 0-1: Foul Ball, location: 2F 0-2: Foul Ball, location: 2F 0-2: Foul Ball, location: 2F 0-2: Ball 1-2: Strikes out swinging
|
Batting: RHB Xavier López
|
0-0: Ball 1-0: Called Strike 1-1: Swinging Strike 1-2: Strikes out looking
|
Bottom of the 3rd over - 0 run(s), 0 hit(s), 0 error(s), 0 left on base; Bismark 1 - Red Deer 0 |
TOP OF THE 4TH |
Bismark Border Guards batting - Pitching for Red Deer Wranglers : RHP José Ramos
|
Batting: RHB Rob Schmidt
|
0-0: Called Strike 0-1: Fly out, F8 (Flyball, 8LXD)
|
Batting: LHB Cisco Villanueva
|
0-0: Ball 1-0: Ball 2-0: Swinging Strike 2-1: Ground out 1-3 (Groundball, P)
|
Batting: LHB Juan Viera
|
0-0: Ball 1-0: Ball 2-0: Foul Ball, location: 2F 2-1: Ball 3-1: Foul Ball, location: 2F 3-2: Foul Ball, location: 2F 3-2: Strikes out swinging
|
Top of the 4th over - 0 run(s), 0 hit(s), 0 error(s), 0 left on base; Bismark 1 - Red Deer 0 |
BOTTOM OF THE 4TH |
Red Deer Wranglers batting - Pitching for Bismark Border Guards : RHP Marcos Medina
|
Batting: LHB Jorge Olvera
|
0-0: Fly out, F8 (Flyball, 8LXD)
|
Batting: RHB Allen Brown
|
0-0: Called Strike 0-1: Fly out, F9 (Flyball, 9S)
|
Batting: LHB Andrew Veeck
|
0-0: SINGLE (Line Drive, 8LS)
|
Batting: RHB Luis Ibarra
|
0-0: Called Strike 0-1: Ball 1-1: Ball 2-1: Swinging Strike 2-2: Ball Wild Pitch! Andrew Veeck to second 3-2: SINGLE (Line Drive, 5D) Andrew Veeck to third Andrew Veeck scores
|
Batting: SHB Robbie Rhodes
|
0-0: Ball 1-0: Fly out, F7 (Flyball, 7S)
|
Bottom of the 4th over - 1 run(s), 2 hit(s), 0 error(s), 1 left on base; Bismark 1 - Red Deer 1 |
TOP OF THE 5TH |
Bismark Border Guards batting - Pitching for Red Deer Wranglers : RHP José Ramos
|
Batting: RHB José Vidal
|
0-0: Called Strike 0-1: Ball 1-1: Ball 2-1: Foul Ball, location: 2F 2-2: Strikes out swinging
|
Batting: LHB Kelsey Scott
|
0-0: Called Strike 0-1: Foul Ball, location: 2F 0-2: Ball 1-2: Ball 2-2: Strikes out swinging
|
Batting: RHB Chad Battle
|
0-0: Ball 1-0: Fly out, F8 (Flyball, 8RM)
|
Top of the 5th over - 0 run(s), 0 hit(s), 0 error(s), 0 left on base; Bismark 1 - Red Deer 1 |
BOTTOM OF THE 5TH |
Red Deer Wranglers batting - Pitching for Bismark Border Guards : RHP Marcos Medina
|
Batting: RHB Ben Fisher
|
0-0: Ball 1-0: Ball 2-0: SINGLE (Line Drive, 34D)
|
Batting: LHB Héctor Santos
|
0-0: Ball 1-0: Foul Ball, location: 2F 1-1: Grounds into double play, 6-4-3 (Groundball, 6)
|
Batting: RHB Steve Burton
|
0-0: Swinging Strike 0-1: Ball 1-1: Ball 2-1: Swinging Strike 2-2: Strikes out looking
|
Bottom of the 5th over - 0 run(s), 1 hit(s), 0 error(s), 0 left on base; Bismark 1 - Red Deer 1 |
TOP OF THE 6TH |
Bismark Border Guards batting - Pitching for Red Deer Wranglers : RHP José Ramos
|
Batting: LHB Pedro Camacho
|
0-0: Foul Ball, location: 2F 0-1: Swinging Strike 0-2: Strikes out swinging
|
Batting: RHB Alfredo Farías
|
0-0: Called Strike 0-1: Swinging Strike 0-2: Foul Ball, location: 2F 0-2: Ball 1-2: Foul Ball, location: 2F 1-2: Foul Ball, location: 2F 1-2: Foul Ball, location: 2F 1-2: Ball 2-2: Strikes out swinging
|
Batting: RHB Vincent Braun
|
0-0: SOLO HOME RUN (Line Drive, 9D), Distance : 339 ft
|
Batting: RHB Rob Schmidt
|
0-0: Foul Ball, location: 2F 0-1: Called Strike 0-2: Ball 1-2: Strikes out swinging
|
Top of the 6th over - 1 run(s), 1 hit(s), 0 error(s), 0 left on base; Bismark 2 - Red Deer 1 |
BOTTOM OF THE 6TH |
Red Deer Wranglers batting - Pitching for Bismark Border Guards : RHP Marcos Medina
|
Batting: RHB Xavier López
|
0-0: Ball 1-0: Ball 2-0: Fly out, F3 (Line Drive, 34)
|
Batting: LHB Jorge Olvera
|
0-0: Foul Ball, location: 2F 0-1: Ball 1-1: Foul Ball, location: 2F 1-2: Ball 2-2: Ball 3-2: Ground out 4-3 (Groundball, 34)
|
Batting: RHB Allen Brown
|
0-0: Ball 1-0: Swinging Strike 1-1: Foul Ball, location: 2F 1-2: SINGLE (Line Drive, 34)
|
Batting: LHB Andrew Veeck
|
0-0: Ball 1-0: Called Strike 1-1: DOUBLE (Flyball, 78M) Allen Brown to third Runner from 3rd tries for Home, SAFE, no throw
|
Batting: RHB Luis Ibarra
|
0-0: Ball
|
|
|
|
1-0: Ball 2-0: Ball 3-0: Called Strike 3-1: Foul Ball, location: 2F 3-2: Fly out, F8 (Flyball, 8LD)
|
Bottom of the 6th over - 1 run(s), 2 hit(s), 0 error(s), 1 left on base; Bismark 2 - Red Deer 2 |
TOP OF THE 7TH |
Bismark Border Guards batting - Pitching for Red Deer Wranglers : RHP José Ramos
|
Batting: LHB Cisco Villanueva
|
0-0: Ball 1-0: Called Strike 1-1: Ball 2-1: Ball 3-1: Base on Balls
|
Batting: LHB Juan Viera
|
0-0: Bunted foul 0-1: Bunted foul 0-2: Ball Cisco Villanueva steals 2nd base 1-2: Ball 2-2: Ball 3-2: Intentional Walk
|
Pinch Hitting: RHB Jeremiah Soto
|
0-0: Sac Bunt - play at first, batter OUT! 3-4 Cisco Villanueva to third Juan Viera to second
|
Batting: LHB Kelsey Scott
|
0-0: Intentional Walk
|
Pitching: RHP Alejandro Arriaza
|
|
Batting: RHB Chad Battle
|
0-0: Ball 1-0: Fly out, F9 (Flyball, 9LM) Runner from 3rd tags up, SCORES, no throw
|
Pinch Hitting: SHB Vicente Pagán
|
0-0: Called Strike 0-1: Ball 1-1: TRIPLE (Flyball, 9LM) Juan Viera scores Kelsey Scott scores
|
Batting: RHB Alfredo Farías
|
0-0: Called Strike 0-1: Fly out, F9 (Flyball, 9S)
|
Top of the 7th over - 3 run(s), 1 hit(s), 0 error(s), 1 left on base; Bismark 5 - Red Deer 2 |
BOTTOM OF THE 7TH |
Red Deer Wranglers batting - Pitching for Bismark Border Guards : RHP Marcos Medina
|
Now at 1B: Vicente Pagán
|
|
Now at SS: Manuel Pérez
|
|
Batting: SHB Robbie Rhodes
|
0-0: Swinging Strike 0-1: Ball 1-1: Swinging Strike 1-2: Foul Ball, location: 2F 1-2: Ball 2-2: Ground out 4-3 (Groundball, 4)
|
Batting: RHB Ben Fisher
|
0-0: Ball 1-0: Called Strike 1-1: Ground out 6-3 (Groundball, 6)
|
Batting: LHB Héctor Santos
|
0-0: Ball 1-0: Foul Ball, location: 2F 1-1: Ball 2-1: Ground out 6-3 (Groundball, 6)
|
Bottom of the 7th over - 0 run(s), 0 hit(s), 0 error(s), 0 left on base; Bismark 5 - Red Deer 2 |
TOP OF THE 8TH |
Bismark Border Guards batting - Pitching for Red Deer Wranglers : RHP Alejandro Arriaza
|
Batting: RHB Vincent Braun
|
0-0: Ball 1-0: Called Strike 1-1: Called Strike 1-2: Foul Ball, location: 2F 1-2: Fly out, F9 (Flyball, 9S)
|
Batting: RHB Rob Schmidt
|
0-0: Ball 1-0: Ball 2-0: Ground out 5-3 (Groundball, 56)
|
Batting: LHB Cisco Villanueva
|
0-0: Foul Ball, location: 2F 0-1: Swinging Strike 0-2: Strikes out swinging
|
Top of the 8th over - 0 run(s), 0 hit(s), 0 error(s), 0 left on base; Bismark 5 - Red Deer 2 |
BOTTOM OF THE 8TH |
Red Deer Wranglers batting - Pitching for Bismark Border Guards : RHP Marcos Medina
|
Pitching: RHP Tony Baltazar
|
|
Batting: RHB Steve Burton
|
0-0: DOUBLE (Groundball, 5L)
|
Batting: RHB Xavier López
|
0-0: Ball 1-0: Ball 2-0: Ball 3-0: Called Strike 3-1: SINGLE (Line Drive, 78S) Steve Burton to third Runner from 3rd tries for Home, SAFE, no throw
|
Batting: LHB Jorge Olvera
|
0-0: Ball 1-0: Ball 2-0: Ball 3-0: Called Strike 3-1: Base on Balls Xavier López to second
|
Batting: RHB Allen Brown
|
0-0: Ball 1-0: Grounds into double play, 2-4-3 (Groundball, 2L) Xavier López to third
|
Batting: LHB Andrew Veeck
|
0-0: SINGLE (Line Drive, 8LS) Xavier López scores
|
Pitching: RHP Steve Benson
|
|
Batting: RHB Luis Ibarra
|
0-0: Called Strike 0-1: Called Strike 0-2: Ball 1-2: Foul Ball, location: 2F 1-2: 2-RUN HOME RUN (Line Drive, 89XD), Distance : 390 ft
|
Batting: SHB Robbie Rhodes
|
0-0: Swinging Strike 0-1: Ball 1-1: Ball 2-1: Called Strike 2-2: Ball 3-2: Strikes out looking
|
Bottom of the 8th over - 4 run(s), 4 hit(s), 0 error(s), 0 left on base; Bismark 5 - Red Deer 6 |
TOP OF THE 9TH |
Bismark Border Guards batting - Pitching for Red Deer Wranglers : RHP Alejandro Arriaza
|
Pitching: RHP Raúl Zumaya
|
|
Pinch Hitting: LHB Norbert Mosley
|
0-0: Foul Ball, location: 2F 0-1: Foul Ball, location: 2F 0-2: Strikes out swinging
|
Batting: LHB Manuel Pérez
|
0-0: Swinging Strike 0-1: Ball 1-1: Foul Ball, location: 2F 1-2: Ball 2-2: Foul Ball, location: 2F 2-2: Foul Ball, location: 2F 2-2: Ball 3-2: Strikes out swinging
|
Batting: LHB Kelsey Scott
|
0-0: Ball 1-0: Ball 2-0: Foul Ball, location: 2F 2-1: Foul Ball, location: 2F 2-2: Ball 3-2: Ground out 6-3 (Groundball, 6)
|
Top of the 9th over - 0 run(s), 0 hit(s), 0 error(s), 0 left on base; Bismark 5 - Red Deer 6 |
|
Tuesday, August 8th, 2017 - OOTP Baseball 17.12 Build 75
|
|